 Dungeon Crawl Stone Soup version 0.30-a0-219-gf2db51d15e (webtiles) character file.

Game seed: 12321544321455970357

72 ragingrage the Conjurer (level 4, 0/26 HPs)
             Began as a Tengu Reaver on Oct 7, 2022.
             Slain by a kobold
             ... wielding a +0 dagger
              (1 damage)
             ... on level 2 of the Dungeon.
             The game lasted 00:01:42 (1250 turns).

ragingrage the Conjurer (Tengu Reaver)              Turns: 1250, Time: 00:01:42

Health: 0/26       AC:  3    Str: 13    XL:     4   Next: 25%
Magic:  8/8        EV: 12    Int: 15    God:
Gold:   111        SH:  0    Dex: 12    Spells: 1/7 levels left

rFire   + . .      SeeInvis .    a - +0 falchion
rCold   + . .      Faith    .    (no shield)
rNeg    . . .      Spirit   .    b - +0 leather armour
rPois   +          Reflect  .    (helmet restricted)
rElec   +          Harm     .    (no cloak)
rCorr   +          Rampage  .    (no gloves)
Will    .....                    (boots unavailable)
Stlth   +.........               (no amulet)
HPRegen 0.24/turn                (no ring)
MPRegen 0.11/turn                (no ring)

@: resistant
A: beak, talons 3, screaming 1
a: no special abilities


You were on level 2 of the Dungeon.
You visited 1 branch of the dungeon, and saw 2 of its levels.

You collected 111 gold pieces.

Inventory:

Hand Weapons
 a - a +0 falchion (weapon)
Missiles
 k - 5 poisoned darts
Armour
 b - a +0 leather armour (worn)
Scrolls
 d - a scroll of enchant weapon {unknown}
 e - a scroll of silence {unknown}
 f - a scroll of fear {unknown}
 g - a scroll of brand weapon {unknown}
 i - 3 scrolls of identify {unknown}
 j - 2 scrolls of teleportation {unknown}
 l - a scroll of noise {unknown}
 o - a scroll of magic mapping {unknown}
 p - a scroll of butterflies {unknown}
Potions
 h - a potion of mutation
 m - a potion of haste {unknown}
 n - a potion of berserk rage {unknown}


   Skills:
 - Level 2.1 Fighting
 + Level 4.2 Long Blades
 - Level 2.3 Dodging
 - Level 2.0 Spellcasting
 + Level 5.2 Conjurations
 + Level 0.6 Necromancy
 + Level 0.4 Translocations


You had one spell level left.
You knew the following spells:

 Your Spells              Type           Power      Damage    Failure   Level
a - Kiss of Death         Conj/Necr      40%        2d8       9%          1
b - Momentum Strike       Conj/Tloc      18%        3d8       14%         2
c - Hailstorm             Conj/Ice       9%         3d4       28%         3

Your spell library contained the following spells:

 Spells                   Type           Power      Damage    Failure   Level


Dungeon Overview and Level Annotations

Branches:
Dungeon (2/15)

Altars:


Innate Abilities, Weirdness & Mutations

You have a beak for a mouth.
You have claws for feet.
You occasionally shout uncontrollably at your foes.


Message History

You see here a frilled lizard corpse.
You closely miss the adder. Your peck misses the adder.
You feel sick.
You are no longer poisoned.
The adder bites you.
You hit the adder.
The adder is moderately wounded.
The adder closely misses you. The adder barely misses you.
You hit the adder but do no damage. Your kick misses the adder.
Your peck misses the adder.
The adder is moderately wounded.
The adder bites you but does no damage.
You barely miss the adder. Your kick misses the adder.
Your peck misses the adder.
The adder is lightly wounded.
The adder barely misses you. x2
You closely miss the adder. You claw the adder.
The adder is heavily wounded.
The adder bites you.
You are poisoned.
The adder poisons you!
You miss the adder. Your kick misses the adder.
The adder is heavily wounded.
You feel sick. The adder bites you.
* * * LOW HITPOINT WARNING * * *
The adder misses you.
You hit the adder. You peck the adder.
The adder is almost dead.
You feel sick. The adder barely misses you.
It was a potion of mutation.
You feel extremely strange.
You feel the urge to shout.
You feel sick.
You are no longer poisoned.
The adder bites you but does no damage. The kobold hits you with a +0 dagger.
* * * LOW HITPOINT WARNING * * *
It was a potion of resistance.
You feel protected. The adder bites you.
* * * LOW HITPOINT WARNING * * *
The adder bites you but does no damage. The kobold hits you with a +0 dagger.
You die...

.#.. #.# ##... #.. #.###...# #..
#.....#... ### #.. ##.#...... #.#
# #.## #........ ####.#####.
###.### ###..#...
#.......##.##.....# ####.#...
.##.##.##.# #.#K#S#.# .>.......
.......##)# #..@##.# ######.<#
###.#####.# ##.###.### ##.#
###.#####.#####.......## ##.#
>.[....##..............# #...
.##.##.#########.##.#..# #...
#.##.#.......#....#..# #...
#..#.#...............# #####... .
##.#.#...............###.......
.###.#.#.........................


You could see an adder and a kobold.

Vanquished Creatures
  3 adders (D:2)
  2 worms (D:2)
  3 ball pythons
  4 endoplasms
  A giant cockroach (D:2)
  4 goblins
  4 hobgoblins
  3 jackals (D:1)
  2 quokkas (D:2)
  5 bats
  2 frilled lizards (D:2)
  2 kobolds
  3 rats
38 creatures vanquished.

Notes
Turn   | Place    | Note
-------+----------+-------------------------------------------
     0 | D:1      | ragingrage the Tengu Reaver began the quest for the Orb.
     0 | D:1      | Reached XP level 1. HP: 12/12 MP: 4/4
   136 | D:1      | Reached XP level 2. HP: 17/17 MP: 6/6
   647 | D:2      | Learned a level 2 spell: Momentum Strike
   668 | D:2      | Found a faded altar of an unknown god.
   702 | D:2      | Reached XP level 3. HP: 14/21 MP: 7/7
   897 | D:2      | Reached skill level 5 in Conjurations
   983 | D:2      | Learned a level 3 spell: Hailstorm
  1124 | D:2      | Reached XP level 4. HP: 26/26 MP: 8/8
  1249 | D:2      | Gained mutation: You occasionally shout uncontrollably at
                  | your foes. [potion of mutation]
  1250 | D:2      | HP: 1/26 [adder (2)]
  1250 | D:2      | Slain by a kobold

Illustrated notes

Levels and vault maps discovered:
D:1:      dpeg_arrival_long_road, layout_rooms, st_stairs_7,
          minmay_misc_feat_four_crosses
D:2:      layout_loops_cross, basic_ecumenical_altar, minmay_puff

Skill      XL: |  1  2  3 |
---------------+----------+-----
Long Blades    | 4 |  4.2
Conjurations   | 5 |  5.2
Fighting       | |  2.1
Dodging        | |  2.3
Spellcasting   | |  2.0
Necromancy     | |  0.6
Translocations | |  0.4

Action                   |  1- 3 |  4- 6 || total
-------------------------+-------+-------++-------
Melee: Falchion          |    81 |    28 ||   109
       Kick              |    20 |     3 ||    23
       Peck              |     8 |     1 ||     9
  Use: Potion            |       |     2 ||     2
 Stab: Sleeping          |     1 |       ||     1
Armor: Leather armour    |    19 |    12 ||    31
Dodge: Dodged            |    49 |    24 ||    73

Table legend: (Time is in decaauts)
 A = Elapsed time spent in this place.
 B = Non-inter-level travel time spent in this place.
 C = Inter-level travel time spent in this place.
 D = Time resting spent in this place.
 E = Time spent auto-exploring this place.
 F = Levels seen in this place.
 G = Mean time per level.
                   A        B        C        D        E       F      G
               +--------+--------+--------+--------+--------+-----+--------+
         Total |   1263 |   1257 |      6 |    107 |    856 |   2 |  631.5 |
       Dungeon |   1263 |   1257 |      6 |    107 |    856 |   2 |  631.5 |
               +--------+--------+--------+--------+--------+-----+--------+

Top non-repeatable levels by time:
     D:1: 642 daAuts
     D:2: 620 daAuts
